 Dungeon Crawl Stone Soup version 0.30.1-11-g7821555f0a (webtiles) character file.

Game seed: 3904220752891672219

9559 RoadWalker the Cleaver (level 11, -15/92 HPs)
             Began as a Pale Draconian Monk on Nov 13, 2023.
             Was a High Priest of Ru.
             Demolished by Mig's ghost (20 damage)
             ... on level 9 of the Dungeon.
             The game lasted 00:33:26 (8405 turns).

RoadWalker the Cleaver (Pale Draconian Monk)        Turns: 8405, Time: 00:33:26

Health: -15/92     AC:  7    Str: 21    XL:     11   Next: 24%
Magic:  17/17      EV: 11    Int: 12    God:    Ru [*****.]
Gold:   232        SH:  0    Dex: 19    Spells: 8/18 levels left

rFire   . . .        a - +1 hand axe (venom)
rCold   + . .        i - orb {*Rage}
rNeg    . . .        (body armour unavailable)
rPois   .            (helmet restricted)
rElec   .            (no cloak)
rCorr   .            (no gloves)
SInv    .            (no boots)
Will    .....        s - amulet of faith
Stlth   ++++         p - +6 ring of dexterity
HPRegen 0.35/turn    u - ring of the Suburbs {rC+ Str+4 Slay+3}
MPRegen 0.15/turn

%: random rage (20%), faith
@: short of breath, on berserk cooldown, slowed, studying Short Blades, very
slow
A: breathe steam, AC +7, unfitting armour, cold-blooded, inability to use
devices, inability to train dodging, unskilled 1, steam resistance, dopey 1,
strong 1, subdued magic 1
a: Breathe Steam, Renounce Religion, Draw Out Power, Power Leap, Apocalypse


You were on level 9 of the Dungeon.
You worshipped Ru.
Ru was extremely pleased with you.
You visited 2 branches of the dungeon, and saw 11 of its levels.

You collected 529 gold pieces.
You spent 297 gold pieces at shops.

Inventory:

Hand Weapons
 a - a +1 hand axe of venom (weapon)
Missiles
 y - 4 boomerangs (quivered)
 A - a curare-tipped dart
Armour
 c - an orb of light
 i - an orb of wrath (worn)
Jewellery
 f - an amulet of magic regeneration
 p - a +6 ring of dexterity (left hand)
 q - an amulet of guardian spirit
 s - an amulet of faith (around neck)
 u - the ring of the Suburbs (right hand) {rC+ Str+4 Slay+3}
   (You acquired it on level 9 of the Dungeon)

   [ring of protection from cold]

   Str:       It affects your strength (+4).
   Slay:      It affects your accuracy & damage with ranged weapons and melee
   (+3).
   rC:        It protects you from cold.
Scrolls
 e - 2 scrolls of poison
 g - a scroll of magic mapping
 j - 2 scrolls of torment
 k - a scroll of blinking
 m - 2 scrolls of immolation
 n - 3 scrolls of enchant armour
 o - a scroll of identify
 r - 7 scrolls of teleportation
 t - a scroll of noise
 B - a scroll of summoning
 C - a scroll of brand weapon
Potions
 b - 4 potions of ambrosia
 d - a potion of lignification
 h - 2 potions of curing
 l - 3 potions of cancellation
 v - a potion of berserk rage
 w - a potion of magic
 x - a potion of flight
 z - a potion of heal wounds
 D - a potion of haste
 E - a potion of resistance {unknown}
 F - a potion of invisibility {unknown}


   Skills:
 * Level 7.2 Fighting
 * Level 6.4 Short Blades
 * Level 8.4 Axes
 * Level 2.3 Throwing
 * Level 6.8 Stealth
 * Level 4.3 Spellcasting
 * Level 2.6 Summonings
 * Level 4.7 Air Magic
 * Level 4.0 Poison Magic


You had 8 spell levels left.
You knew the following spells:

 Your Spells              Type           Power      Damage    Failure   Level
a - Poisonous Vapours     Pois/Air       20%        N/A       4%          2
b - Olgreb's Toxic Radia  Pois           9%         N/A       34%         4
c - Summon Lightning Spi  Summ/Air       8%         N/A       38%         4

Your spell library contained the following spells:

 Spells                   Type           Power      Damage    Failure   Level
 Sting                    Tmut/Pois      20%        1d4       8%          1
 Cigotuvi's Dreadful Rot  Necr/Pois/Air  14%        N/A       8%          2
 Ozocubu's Armour         Ice            1%         N/A       50%         3
 Dispel Undead            Necr           1%         3d6       89%         4
 Death Channel            Necr           0%         N/A       100%        6
 Ozocubu's Refrigeration  Ice            0%         4d7       100%        7
 Storm Form               Tmut/Air       3%         N/A       100%        7
 Maxwell's Capacitive Co  Air            5%         ∞         100%        8


Dungeon Overview and Level Annotations

Branches:
Dungeon (10/15)            Temple (1/1) D:5            Lair (0/5) D:10
    Orc (0/2) D:9

Altars:
Ashenzari
Dithmenos
Elyvilon
Fedhas
Gozag
Hepliaklqana
Okawaru
Ru
Trog
Uskayaw
Vehumet
Wu Jian
Xom
Yredelemnul
Zin
The Shining One

Shops:
D:1 !

Annotations:
D:9 Mig's ghost, novice HOFi


Innate Abilities, Weirdness & Mutations

You can breathe blasts of scalding, opaque steam.
Your pale cyan-grey scales are hard. (AC +7)
You cannot fit into any form of body armour.
You are cold-blooded and may be slowed by cold attacks.
You cannot study or use magical devices.
You cannot train Dodging skill.
You are somewhat unskilled. (-1 Apt)
You are immune to the effects of steam.
You are dopey. (Int -2)
Your muscles are strong. (Str +4, Int/Dex -1)
Your spells are a little easier to cast, but a little less powerful.


Message History

You are electrocuted!
You slash Mig's ghost!
Mig's ghost is heavily damaged.
Mig's ghost hits you.
You barely miss Mig's ghost.
You tail-slap Mig's ghost, but do no damage.
Mig's ghost is heavily damaged.
You hit Mig's ghost but do no damage.
Your tail-slap misses Mig's ghost.
Mig's ghost is heavily damaged.
Mig's ghost hits you!
You hit Mig's ghost but do no damage.
Mig's ghost is heavily damaged.
You slash Mig's ghost! You tail-slap Mig's ghost!
Mig's ghost is severely damaged.
Mig's ghost hits you!!
* * * LOW HITPOINT WARNING * * *
You closely miss Mig's ghost.
Mig's ghost is severely damaged.
Mig's ghost hits you!
* * * LOW HITPOINT WARNING * * *
You focus your inner power and blind Mig's ghost in retribution!
You slash Mig's ghost!
Mig's ghost is severely damaged.
You hit Mig's ghost. You tail-slap Mig's ghost.
Mig's ghost is almost destroyed.
Mig's ghost says, "I was once a great warrior, and I still am!"
Mig's ghost hits you!
* * * LOW HITPOINT WARNING * * *
You are electrocuted!
* * * LOW HITPOINT WARNING * * *
You hit Mig's ghost but do no damage.
Mig's ghost is almost destroyed.
You are no longer berserk.
You are exhausted.
You feel yourself slow down.
You hit Mig's ghost but do no damage.
Mig's ghost is almost destroyed.
Mig's ghost is stunned by your conviction and fails to attack.
Mig's ghost hits you!!
You die...

##.####.#.....##.####...##...#.#.
##.####.#........# #...##.).'...
##......#.#......####...##...###.
........###...#..........'...'...
##.......################....#.#.
##.##+#####§...#§.#....#..####.##
##.......#§§.#.#.#.#.#.#..####...
##.......#§§§..†§.#...††..##...##
###...####§!..:W@§..#..†...'.....
..+......#§§...'..#...†'..##....#
###......#§§.#=#.#.#.#.#..##.....
# #......##§.§.#..#....#..##...#.
# ####...################......#.
# #..............##.........#.
######.........................#.
.................##'##..)......#.
.....)..........##⌠.⌠##..##....#.


You could see Mig's ghost (blind).

Vanquished Creatures
  3 death yaks (D:10)
  A glowing orange brain (D:9)
  5 ugly things (D:9)
  A troll (D:9)
  8 yaks
  2 wyverns
  2 neqoxecs
  Edmund (D:4)
  A water moccasin (D:7)
  An acid dragon (D:8)
  A sky beast (D:6)
  2 ice beasts
  A black bear (D:8)
  4 orc warriors
  An ogre (D:9)
  2 centaurs
  2 phantoms
  2 kobold brigands (D:9)
  4 gnoll sergeants (D:9)
  3 bullfrogs
  A scorpion (D:4)
  4 killer bees (D:8)
  A howler monkey (D:9)
  4 orc priests
  2 hounds
  4 jellies
  3 iguanas
  10 orc wizards
  Natasha (D:3)
  2 hell rats (D:10)
  10 adders
  11 gnolls
  A river rat (D:10)
  A white imp (D:4)
  An ufetubus (D:5)
  A worm (D:2)
  31 orcs
  12 endoplasms
  3 giant cockroaches
  5 hobgoblins
  A jackal (D:1)
  15 kobolds
  A quokka (shapeshifter) (D:9)
  2 quokkas
  4 ball pythons
  9 bats
  6 frilled lizards
  A frilled lizard (shapeshifter) (D:9)
  6 goblins
  7 rats
207 creatures vanquished.

Vanquished Creatures (others)
  A floating eye (shapeshifter) (D:9)
  A centaur (D:10)
2 creatures vanquished.

Grand Total: 209 creatures vanquished

Notes
Turn   | Place    | Note
-------+----------+-------------------------------------------
     0 | D:1      | RoadWalker the Draconian Monk began the quest for the Orb.
     0 | D:1      | Reached XP level 1. HP: 19/19 MP: 1/1
   279 | D:1      | Reached XP level 2. HP: 26/26 MP: 2/2
   560 | D:2      | Reached XP level 3. HP: 9/33 MP: 3/3
   666 | D:3      | Identified the +1 leather armour of Lugonu's Regard {Int+2
                  | Stlth+}
   921 | D:3      | Reached skill level 1 in Stealth
   921 | D:3      | Reached XP level 4. HP: 28/40 MP: 5/5
   929 | D:3      | Reached skill level 4 in Axes
   929 | D:3      | Reached skill level 1 in Spellcasting
  1122 | D:3      | Reached XP level 5. HP: 46/46 MP: 6/6
  1406 | D:4      | Reached skill level 1 in Evocations
  1495 | D:4      | Noticed Grinder
  1502 | D:4      | Grinder changed into Grinder the neqoxec
  1502 | D:4      | Noticed Grinder
  1564 | D:5      | Entered Level 5 of the Dungeon
  1697 | D:5      | Found a staircase to the Ecumenical Temple.
  1703 | Temple   | Entered the Ecumenical Temple
  1711 | Temple   | Became a worshipper of Ru the Awakened
  1723 | Temple   | Gained mutation: You cannot study or use magical devices.
                  | [Ru sacrifice]
  1723 | Temple   | Reached * piety under Ru
  1723 | Temple   | Reached ** piety under Ru
  1943 | D:5      | Noticed a centaur
  1949 | D:5      | Gained mutation: A frigid envelope surrounds you and
                  | freezes all who hurt you. [potion of mutation]
  1953 | D:5      | Killed a centaur
  1954 | D:5      | Reached skill level 1 in Short Blades
  1954 | D:5      | Reached XP level 6. HP: 29/53 MP: 8/8
  2209 | D:5      | Noticed an ice beast
  2653 | D:5      | Killed an ice beast
  2654 | D:5      | Reached skill level 5 in Axes
  2718 | D:5      | Learned a level 2 spell: Poisonous Vapours
  2723 | D:5      | Learned a level 4 spell: Olgreb's Toxic Radiance
  2938 | D:4      | Killed Grinder the neqoxec
  2939 | D:4      | Your scales start taking on a pale cyan-grey colour.
  2939 | D:4      | Reached XP level 7. HP: 60/60 MP: 9/9
  2939 | D:4      | Gained mutation: You are immune to the effects of steam.
                  | [Pale Draconian growth]
  3124 | D:4      | Noticed Edmund
  3144 | D:4      | Killed Edmund
  3145 | D:4      | Reached skill level 1 in Air Magic
  3145 | D:4      | Reached skill level 1 in Poison Magic
  3157 | D:4      | Reached skill level 5 in Fighting
  3944 | D:3      | Noticed Natasha
  3958 | D:3      | Killed Natasha
  3959 | D:3      | Reached XP level 8. HP: 68/68 MP: 11/11
  4865 | D:1      | Found Beewicw's Distillery.
  4968 | D:1      | Bought 2 potions of mutation for 176 gold pieces
  4968 | D:1      | Bought a potion of heal wounds for 55 gold pieces
  4968 | D:1      | Bought a potion of curing for 33 gold pieces
  4968 | D:1      | Bought a potion of flight for 33 gold pieces
  5075 | D:1      | Lost mutation: A frigid envelope surrounds you and freezes
                  | all who hurt you. [potion of mutation]
  5075 | D:1      | Gained mutation: You are clumsy. (Dex -2) [potion of
                  | mutation]
  5075 | D:1      | Gained mutation: You are somewhat resistant to further
                  | mutation. [potion of mutation]
  5076 | D:1      | Lost mutation: You are clumsy. (Dex -2) [potion of
                  | mutation]
  5076 | D:1      | Lost mutation: You are somewhat resistant to further
                  | mutation. [potion of mutation]
  5076 | D:1      | Gained mutation: You are dopey. (Int -2) [potion of
                  | mutation]
  5076 | D:1      | Gained mutation: Your muscles are strong. (Str +4, Int/Dex
                  | -1) [potion of mutation]
  5146 | D:3      | You fall into a shaft and drop 3 floors!
  5171 | D:6      | Gained mutation: You cannot train Dodging skill. [Ru
                  | sacrifice]
  5171 | D:6      | Reached *** piety under Ru
  5171 | D:6      | Reached **** piety under Ru
  5171 | D:6      | Reached ***** piety under Ru
  5236 | D:6      | Reached skill level 6 in Axes
  5943 | D:8      | Reached XP level 9. HP: 75/75 MP: 13/13
  6165 | D:8      | Reached skill level 5 in Short Blades
  6165 | D:8      | Reached skill level 7 in Axes
  6174 | D:8      | Reached skill level 5 in Stealth
  6368 | D:9      | Identified a scroll of acquirement
  6369 | D:9      | Acquired the ring of the Suburbs {rC+ Str+4 Slay+3}
  6429 | D:9      | Found a hide-covered altar of Uskayaw.
  6429 | D:9      | Found a basalt altar of Yredelemnul.
  6450 | D:9      | Learned a level 4 spell: Summon Lightning Spire
  6453 | D:9      | Found a runed translucent gate.
  6453 | D:9      | Found a runed translucent gate.
  6453 | D:9      | Found a runed translucent gate.
  6454 | D:9      | Noticed a water nymph
  6454 | D:9      | Noticed a green ugly thing
  6454 | D:9      | a water nymph changed into a skyshark
  6454 | D:9      | Noticed a skyshark (glowing shapeshifter)
  6454 | D:9      | Noticed a cyan ugly thing
  6456 | D:9      | Noticed a purple ugly thing
  6456 | D:9      | Noticed a sea snake
  6456 | D:9      | a sea snake changed into an orb spider
  6456 | D:9      | Noticed an orb spider (glowing shapeshifter)
  6456 | D:9      | Noticed a glowing orange brain
  6457 | D:9      | Noticed a cyan ugly thing
  6457 | D:9      | Noticed a green ugly thing
  6466 | D:9      | an orb spider changed into a mana viper
  6466 | D:9      | Noticed a mana viper (glowing shapeshifter)
  6498 | D:9      | Gained mutation: You are somewhat unskilled. (-1 Apt) [Ru
                  | sacrifice]
  6498 | D:9      | Reduced skill Axes to level 6
  6796 | D:9      | Found a broken altar of Ashenzari.
  6996 | D:9      | Noticed a guardian serpent
  7041 | D:9      | Found a shadowy altar of Dithmenos.
  7109 | D:9      | Found a staircase to the Orcish Mines.
  7109 | D:9      | Noticed a troll
  7110 | D:9      | Killed a troll
  7111 | D:9      | Reached skill level 5 in Short Blades
  7111 | D:9      | Reached skill level 7 in Axes
  7111 | D:9      | Reached skill level 5 in Stealth
  7111 | D:9      | Reached XP level 10. HP: 72/84 MP: 6/15
  7121 | D:9      | Reached skill level 1 in Summonings
  7199 | D:10     | Entered Level 10 of the Dungeon
  7404 | D:10     | Reached skill level 1 in Throwing
  7427 | D:10     | Found a staircase to the Lair.
  7427 | D:10     | Noticed a death yak
  7427 | D:10     | Noticed a death yak
  7428 | D:10     | Noticed a death yak
  7434 | D:10     | Killed a death yak
  7434 | D:10     | Killed a death yak
  7446 | D:10     | Killed a death yak
  7724 | D:10     | Found a shimmering altar of Xom.
  7724 | D:10     | Found an ornate altar of the Wu Jian Council.
  8341 | D:9      | Killed a purple ugly thing
  8341 | D:9      | Killed a glowing orange brain
  8341 | D:9      | Killed a green ugly thing
  8341 | D:9      | Killed a white ugly thing
  8342 | D:9      | Reached skill level 8 in Axes
  8342 | D:9      | Reached XP level 11. HP: 80/92 MP: 8/17
  8344 | D:9      | Killed a green ugly thing
  8346 | D:9      | Found a runed translucent gate.
  8346 | D:9      | Found a runed translucent gate.
  8347 | D:9      | Noticed Mig's ghost (novice HOFi)
  8350 | D:9      | Killed a purple ugly thing
  8361 | D:9      | Noticed a fire crab
  8363 | D:9      | a fire crab changed into a redback
  8369 | D:9      | Found a runed translucent gate.
  8385 | D:9      | Gained mutation: Your spells are a little easier to cast,
                  | but a little less powerful. [a neqoxec]
  8405 | D:9      | Demolished by Mig's ghost

Illustrated notes

Levels and vault maps discovered:
D:1:      pf_arrival_petrified_forest, layout_basic, serial_shops,
          nicolae_shop_peninsula, minmay_box_of_dots
D:2:      layout_loops_ring
D:3:      cheibrodos_fertilizer, layout_loops_corners, uniq_natasha
D:4:      layout_basic, uniq_edmund, uniq_grinder
D:5:      layout_gridville, minmay_temple_entry_hall
D:6:      layout_basic, serial_shops, nicolae_shop_bloodbath_and_beyond,
          minivault_11, minmay_misc_feat_square
D:7:      layout_gridville, serial_shops, nicolae_shop_rolled_up
D:8:      minmay_statue_hallways, layout_layer_cave,
          nicolae_overflow_two_pavilions
D:9:      layout_basic, gammafunk_temple_overflow_statue,
          evilmike_ruin_ashenzari, grunt_dithmenos_smoke_and_mirrors,
          kennysheep_orc_monster_closet_entryway,
          ploomutoo_gammafunk_ghost_potion_laboratory
D:10:     layout_basic, gammafunk_temple_overflow_pools, dpeg_lair_monsters
Temple:   eino_temple_lava

Skill      XL: |  1  2  3  4  5  6  7  8  9 10 11 |
---------------+----------------------------------+-----
Dodging        | 3 4 0 |  0.0
Fighting       | 4 5 6 7 |  7.2
Stealth        | 1 2 4 5 6 |  6.8
Axes           | 4 5 6 7 8 |  8.4
Spellcasting   | 1 2 3 4 |  4.3
Evocations     | 0 |  0.0
Short Blades   | 1 2 3 4 5 6 |  6.4
Air Magic      | 1 3 4 |  4.7
Poison Magic   | 1 2 3 4 |  4.0
Summonings     | 2 |  2.6
Throwing       | 2 |  2.3

Action                     |  1- 3 |  4- 6 |  7- 9 | 10-12 || total
---------------------------+-------+-------+-------+-------++-------
  Melee: Hand axe          |    71 |    97 |   135 |    50 ||   353
         Tailslap          |    10 |    11 |    19 |    11 ||    51
  Throw: Boomerang         |       |       |       |     5 ||     5
   Cast: Poisonous Vapours |       |     2 |    13 |       ||    15
 Invoke: Sacrifice Artific |       |     1 |       |       ||     1
         Apocalypse        |       |       |     2 |     2 ||     4
         Sacrifice Nimblen |       |       |     1 |       ||     1
         Power Leap        |       |       |     1 |       ||     1
         Sacrifice Skill   |       |       |     1 |       ||     1
Ability: Breathe Steam     |       |       |    30 |     6 ||    36
  Evoke: Wand              |       |     5 |       |       ||     5
    Use: Potion            |     1 |     6 |     5 |       ||    12
         Scroll            |     1 |     7 |     8 |     6 ||    22
   Stab: Sleeping          |       |       |     5 |       ||     5
         Paralysed         |       |       |     5 |     8 ||    13
         Invisible         |       |       |     2 |     1 ||     3
         Distracted        |       |       |       |     2 ||     2
 Armour: Skin              |    41 |    44 |    52 |    11 ||   148
  Dodge: Dodged            |    70 |   102 |    85 |    22 ||   279
